 Dungeon Crawl Stone Soup version 0.27.1-34-g3ba077fa99 (webtiles) character file.

Game seed: 11230930909100731516

18 cbfl8 the Sneak (level 2, -3/27 HPs)
             Began as a Minotaur Delver on Jan 26, 2022.
             Slain by a bullfrog zombie (4 damage)
             ... on level 5 of the Dungeon.
             The game lasted 00:00:35 (331 turns).

cbfl8 the Sneak (Minotaur Delver)                    Turns: 331, Time: 00:00:35

Health: -3/27      AC:  3    Str: 16    XL:     2   Next: 48%
Magic:  1/1        EV: 11    Int:  7    God:
Gold:   0          SH:  0    Dex: 11    Spells: 1/1 levels left

rFire    . . .     SeeInvis .   a - +0 hand axe
rCold    . . .     Faith    .   (no shield)
rNeg     . . .     Spirit   .   b - +0 leather armour
rPois    .         Reflect  .   (helmet restricted)
rElec    .         Harm     .   (no cloak)
rCorr    .         Rampage  .   (no gloves)
Will     .....                  (no boots)
Stlth    ++........             (no amulet)
HPRegen  0.09/turn              (no ring)
MPRegen  0.07/turn              (no ring)

@: hasted, very quick
A: horns 2, retaliatory headbutt
a: no special abilities


You were on level 5 of the Dungeon.
You visited 1 branch of the dungeon, and saw 1 of its levels.

Inventory:

Hand Weapons
 a - a +0 hand axe (weapon)
Armour
 b - a +0 leather armour (worn)
Wands
 g - a wand of digging (3)
Scrolls
 c - a scroll of fog
 d - a scroll of magic mapping
 e - a scroll of fear


   Skills:
 + Level 3.8 Fighting
 + Level 2.5 Axes
 + Level 0.2 Armour
 + Level 2.2 Dodging
 + Level 4.5 Stealth


You had one spell level left.
You didn't know any spells.
Your spell library was empty.

Dungeon Overview and Level Annotations

Branches:
Dungeon (5/15)
 Temple: D:4-7

Altars:


Innate Abilities, Weirdness & Mutations

You have a pair of horns on your head.
You reflexively headbutt those who attack you in melee.


Message History

The adder bites you but does no damage. x2
You slash the adder!
You kill the adder!
The bullfrog zombie hits you but does no damage.
You hit the bullfrog zombie but do no damage.
The bullfrog zombie is lightly damaged.
The bullfrog zombie barely misses you.
You hit the bullfrog zombie but do no damage.
The bullfrog zombie is lightly damaged.
The bullfrog zombie hits you. x2
You barely miss the bullfrog zombie. You headbutt the bullfrog zombie.
The bullfrog zombie is moderately damaged.
The bullfrog zombie hits you. The bullfrog zombie misses you.
You hit the bullfrog zombie.
Your headbutt misses the bullfrog zombie.
The bullfrog zombie is moderately damaged.
The bullfrog zombie barely misses you.
You closely miss the bullfrog zombie.
The bullfrog zombie is moderately damaged.
The bullfrog zombie barely misses you. You furiously retaliate!
You headbutt the bullfrog zombie, but do no damage.
The bullfrog zombie closely misses you.
You hit the bullfrog zombie but do no damage.
The bullfrog zombie is moderately damaged.
The bullfrog zombie hits you.
You hit the bullfrog zombie.
The bullfrog zombie is heavily damaged.
The bullfrog zombie barely misses you. The bullfrog zombie hits you.
* * * LOW HITPOINT WARNING * * *
You hit the bullfrog zombie.
The bullfrog zombie is heavily damaged.
The bullfrog zombie hits you but does no damage.
You hit the bullfrog zombie.
The bullfrog zombie is severely damaged.
The bullfrog zombie barely misses you. The bullfrog zombie hits you.
* * * LOW HITPOINT WARNING * * *
You feel yourself speed up. The bullfrog zombie barely misses you.
You furiously retaliate!
You headbutt the bullfrog zombie. The bullfrog zombie hits you.
You die...

#.# #.## #.# # #..#
#.# # #.# #..# #.#
#.#.#< ##..# #.#
...... ...# #.#
......######..# #.#
.............# #.#
#.#.#...####@.#####.#
..........†Z........#
#.#.....####..#####.#
#...........#.# #.#
..............# #.#
#.......###.#.# #.#
#.......# #.#.# #.#
#.......# #.#.# #.#
....#...# #.#.# #.#


You could see a bullfrog zombie.

Vanquished Creatures
  2 adders (D:5)
2 creatures vanquished.

Notes
Turn   | Place    | Note
-------+----------+-------------------------------------------
     0 | D:5      | cbfl8 the Minotaur Delver began the quest for the Orb.
     0 | D:5      | Reached XP level 1. HP: 19/19 MP: 0/0
    46 | D:5      | Reached XP level 2. HP: 5/27 MP: 1/1
   328 | D:5      | HP: 1/27 [bullfrog zombie (4)]
   331 | D:5      | Slain by a bullfrog zombie

Illustrated notes

Levels and vault maps discovered:
D:5:      layout_basic

Action                   || total
-------------------------++-------
Melee: Hand axe          ||    25
       Headbutt          ||     1
  Use: Potion            ||     1
 Stab: Sleeping          ||     1
Armor: Leather armour    ||    12
Dodge: Dodged            ||    13
